3273 views
Uploaded 2020-03-14 18:25:10
Game version 1.32.2
19:37 long 4on4 ladder game on (8)MarketSquare
Saved by ChuckleMan
3273 views
Uploaded 2020-03-14 18:25:10
Game version 1.32.2
19:37 long 4on4 ladder game on (8)MarketSquare


138 units @ 19.2k
/ 2.6k
85 buildings @ 9.6k
/ 4.3k

| Wisp | 15 | 900 | / | 0 |
| Chimaera | 10 | 3300 | / | 700 |
| total: | 25 | 4200g | / | 700w |
| Ancient Protector | 2 | 270 | / | 160 |
| Altar of Elders | 1 | 180 | / | 50 |
| Moon Well | 8 | 1440 | / | 320 |
| Hunter's Hall | 1 | 210 | / | 100 |
| Chimaera Roost | 3 | 420 | / | 570 |
| Tree of Ages | 1 | 320 | / | 180 |
| Tree of Eternity | 1 | 330 | / | 200 |
| total: | 15 | 2520g | / | 1200w |
| 0:10 | Wisp |
| 0:10 | Wisp |
| 0:10 | Wisp |
| 0:10 | Wisp |
| 0:12 | Wisp |
| 1:21 | Tree of Ages |
| 1:58 | Altar of Elders |
| 2:01 | Moon Well |
| 3:41 | Tree of Eternity |
| 4:08 | Immolation |
| 4:15 | Hunter's Hall |
| 4:18 | Moon Well |
| 5:24 | Moon Well |
| 5:26 | Moon Well |
| 5:27 | Strength of the Wild |
| 6:04 | Chimaera Roost |
| 6:06 | Chimaera Roost |
| 6:14 | Wisp |
| 6:15 | Wisp |
| 6:15 | Wisp |
| 6:15 | Wisp |
| 6:15 | Wisp |
| 6:15 | Wisp |
| 6:15 | Wisp |
| 6:53 | Chimaera Roost |
| 6:58 | Wisp |
| 6:58 | Wisp |
| 6:58 | Wisp |
| 7:19 | Moon Well |
| 7:37 | Chimaera |
| 7:52 | Evasion |
| 8:05 | Improved Strength of the Wild |
| 8:45 | Moon Well |
| 8:47 | Chimaera |
| 8:49 | Chimaera |
| 8:51 | Chimaera |
| 8:53 | Chimaera |
| 9:06 | Immolation |
| 9:37 | Chimaera |
| 9:39 | Corrosive Breath |
| 10:22 | Chimaera |
| 11:08 | Advanced Strength of the Wild |
| 11:16 | Reinforced Hides |
| 13:59 | Chimaera |
| 14:34 | Chimaera |
| 14:57 | Moon Well |
| 15:05 | Moon Well |
| 15:42 | Chimaera |
| 15:57 | Ancient Protector |
| 16:13 | Ancient Protector |
| Right click | 472 |
| Select group | 205 |
| Select | 183 |
| Minimap ping | 57 |
| Build/train/purchase | 43 |
| Chat | 20 |
| Misc. action | 16 |
| Assign group | 8 |
| Use ability | 1 |


| Scroll of Regeneration | 3 | 300 |
| Lesser Clarity Potion | 2 | 140 |
| Staff of Sanctuary | 1 | 250 |
| Scroll of Town Portal | 2 | 700 |
| total: | 8 | 1390g |
| Peasant | 8 | 600 | / | 0 |
| Footman | 3 | 405 | / | 0 |
| Rifleman | 2 | 410 | / | 60 |
| Mortar Team | 5 | 900 | / | 350 |
| Spell Breaker | 6 | 1290 | / | 180 |
| Siege Engine | 5 | 975 | / | 300 |
| total: | 29 | 4580g | / | 890w |
| Altar of Kings | 1 | 180 | / | 50 |
| Barracks | 1 | 160 | / | 60 |
| Farm | 11 | 880 | / | 220 |
| Arcane Vault | 1 | 130 | / | 30 |
| Lumber Mill | 1 | 120 | / | 0 |
| Blacksmith | 1 | 140 | / | 60 |
| Arcane Sanctum | 1 | 150 | / | 140 |
| Workshop | 3 | 420 | / | 420 |
| Keep | 1 | 320 | / | 210 |
| Castle | 1 | 360 | / | 210 |
| total: | 20 | 2180g | / | 980w |
| 0:03 | Peasant |
| 0:03 | Peasant |
| 0:17 | Altar of Kings |
| 0:21 | Barracks |
| 0:32 | Farm |
| 0:46 | Peasant |
| 0:46 | Peasant |
| 1:18 | Farm |
| 1:27 | Peasant |
| 1:27 | Peasant |
| 1:35 | Footman |
| 1:58 | Footman |
| 2:02 | Arcane Vault |
| 2:12 | Farm |
| 2:29 | Summon Water Elemental |
| 2:40 | Footman |
| 2:43 | Peasant |
| 2:45 | Peasant |
| 3:41 | Keep |
| 4:10 | Lumber Mill |
| 4:13 | Blacksmith |
| 4:18 | Brilliance Aura |
| 5:00 | Farm |
| 5:12 | Scroll of Regeneration |
| 5:30 | Rifleman |
| 5:47 | Farm |
| 6:03 | Rifleman |
| 6:10 | Improved Lumber Harvesting |
| 6:16 | Arcane Sanctum |
| 6:22 | Workshop |
| 6:26 | Scroll of Regeneration |
| 6:45 | Farm |
| 7:00 | Workshop |
| 7:07 | Flame Strike |
| 8:00 | Blizzard |
| 8:17 | Mortar Team |
| 8:19 | Spell Breaker |
| 8:22 | Black Gunpowder |
| 9:12 | Siphon Mana |
| 9:32 | Mortar Team |
| 9:32 | Mortar Team |
| 9:35 | Spell Breaker |
| 9:35 | Spell Breaker |
| 9:37 | Refined Gunpowder |
| 9:37 | Iron Plating |
| 9:47 | Farm |
| 9:59 | Farm |
| 11:33 | Mortar Team |
| 11:36 | Spell Breaker |
| 11:36 | Spell Breaker |
| 11:38 | Mortar Team |
| 11:40 | Scroll of Regeneration |
| 11:41 | Lesser Clarity Potion |
| 12:29 | Scroll of Town Portal |
| 12:39 | Castle |
| 12:50 | Lesser Clarity Potion |
| 14:22 | Blizzard |
| 14:24 | Flame Strike |
| 15:10 | Imbued Gunpowder |
| 15:13 | Barrage |
| 15:33 | Spell Breaker |
| 15:37 | Workshop |
| 15:43 | Siege Engine |
| 15:47 | Advanced Lumber Harvesting |
| 15:53 | Farm |
| 15:57 | Farm |
| 15:59 | Farm |
| 16:08 | Scroll of Town Portal |
| 16:14 | Staff of Sanctuary |
| 17:15 | Siege Engine |
| 17:16 | Siege Engine |
| 18:23 | Siege Engine |
| 18:24 | Siege Engine |
| Right click | 487 |
| Select group | 255 |
| Select | 219 |
| Build/train/purchase | 82 |
| Assign group | 44 |
| Use ability | 23 |
| Resource trade | 5 |
| Misc. action | 2 |
| Item give/drop | 1 |
| Minimap ping | 1 |

| Lesser Clarity Potion | 2 | 140 |
| Scroll of Town Portal | 2 | 700 |
| Boots of Speed | 1 | 250 |
| total: | 5 | 1090g |
| Peasant | 9 | 675 | / | 0 |
| Footman | 4 | 540 | / | 0 |
| Rifleman | 13 | 2665 | / | 390 |
| Flying Machine | 14 | 1400 | / | 420 |
| total: | 40 | 5280g | / | 810w |
| Scout Tower | 1 | 30 | / | 20 |
| Arcane Tower | 1 | 70 | / | 50 |
| Altar of Kings | 1 | 180 | / | 50 |
| Farm | 7 | 560 | / | 140 |
| Barracks | 1 | 160 | / | 60 |
| Lumber Mill | 1 | 120 | / | 0 |
| Blacksmith | 1 | 140 | / | 60 |
| Arcane Vault | 1 | 130 | / | 30 |
| Workshop | 2 | 280 | / | 280 |
| Keep | 1 | 320 | / | 210 |
| Castle | 1 | 360 | / | 210 |
| total: | 15 | 1600g | / | 640w |
| 0:03 | Peasant |
| 0:03 | Peasant |
| 0:06 | Altar of Kings |
| 0:20 | Farm |
| 0:29 | Peasant |
| 0:35 | Barracks |
| 0:37 | Peasant |
| 0:37 | Peasant |
| 1:00 | Farm |
| 1:14 | Peasant |
| 1:17 | Peasant |
| 1:22 | Scout Tower |
| 1:33 | Peasant |
| 1:41 | Footman |
| 1:41 | Footman |
| 1:42 | Footman |
| 2:00 | Arcane Tower |
| 2:09 | Peasant |
| 2:11 | Footman |
| 2:12 | Holy Light |
| 2:26 | Farm |
| 2:41 | Lumber Mill |
| 2:56 | Blacksmith |
| 3:20 | Farm |
| 4:00 | Divine Shield |
| 4:10 | Keep |
| 4:16 | Rifleman |
| 4:19 | Arcane Vault |
| 4:22 | Rifleman |
| 4:33 | Farm |
| 4:43 | Rifleman |
| 5:07 | Black Gunpowder |
| 5:19 | Rifleman |
| 5:30 | Boots of Speed |
| 5:52 | Rifleman |
| 5:53 | Farm |
| 5:55 | Holy Light |
| 6:18 | Lesser Clarity Potion |
| 6:34 | Long Rifles |
| 6:35 | Improved Lumber Harvesting |
| 6:36 | Workshop |
| 6:38 | Workshop |
| 6:51 | Refined Gunpowder |
| 7:01 | Rifleman |
| 7:41 | Flak Cannons |
| 7:54 | Flying Machine |
| 7:54 | Flying Machine |
| 8:18 | Flying Machine |
| 8:34 | Flying Machine |
| 8:35 | Flying Machine |
| 8:53 | Divine Shield |
| 8:57 | Rifleman |
| 8:58 | Farm |
| 9:14 | Flying Machine |
| 9:29 | Iron Plating |
| 9:30 | Flying Machine |
| 9:52 | Flying Machine |
| 10:13 | Flying Machine |
| 10:39 | Flying Machine |
| 11:50 | Steel Plating |
| 12:38 | Flying Machine |
| 12:39 | Castle |
| 13:10 | Flying Machine |
| 13:39 | Divine Shield |
| 13:45 | Flying Machine |
| 13:46 | Flying Machine |
| 14:08 | Scroll of Town Portal |
| 14:09 | Rifleman |
| 14:31 | Rifleman |
| 15:32 | Rifleman |
| 15:51 | Lesser Clarity Potion |
| 15:57 | Rifleman |
| 16:28 | Rifleman |
| 16:28 | Rifleman |
| 16:40 | Scroll of Town Portal |
| Right click | 758 |
| Select group | 572 |
| Select | 276 |
| Chat | 124 |
| Misc. action | 113 |
| Build/train/purchase | 73 |
| Assign group | 29 |
| Use ability | 28 |
| Resource trade | 6 |
| Esc | 3 |
| Item give/drop | 1 |
| Minimap ping | 1 |


| Scroll of Regeneration | 2 | 200 |
| Lesser Clarity Potion | 1 | 70 |
| Scroll of Healing | 2 | 500 |
| Potion of Lesser Invulnerability | 1 | 150 |
| total: | 6 | 920g |
| Peasant | 23 | 1725 | / | 0 |
| Footman | 13 | 1755 | / | 0 |
| Rifleman | 8 | 1640 | / | 240 |
| total: | 44 | 5120g | / | 240w |
| Scout Tower | 14 | 420 | / | 280 |
| Arcane Tower | 2 | 140 | / | 100 |
| Guard Tower | 7 | 490 | / | 350 |
| Altar of Kings | 1 | 180 | / | 50 |
| Farm | 10 | 800 | / | 200 |
| Barracks | 2 | 320 | / | 120 |
| Arcane Vault | 2 | 260 | / | 60 |
| Lumber Mill | 1 | 120 | / | 0 |
| Town Hall | 2 | 770 | / | 410 |
| Blacksmith | 1 | 140 | / | 60 |
| Gryphon Aviary | 1 | 140 | / | 150 |
| Arcane Sanctum | 1 | 150 | / | 140 |
| Keep | 2 | 640 | / | 420 |
| Castle | 3 | 1080 | / | 630 |
| total: | 35 | 3300g | / | 1470w |
| 0:03 | Altar of Kings |
| 0:03 | Peasant |
| 0:03 | Peasant |
| 0:20 | Farm |
| 0:22 | Peasant |
| 0:26 | Barracks |
| 0:32 | Peasant |
| 0:45 | Farm |
| 0:56 | Peasant |
| 1:14 | Peasant |
| 1:20 | Peasant |
| 1:25 | Farm |
| 1:29 | Footman |
| 1:29 | Footman |
| 1:45 | Scout Tower |
| 1:49 | Footman |
| 1:53 | Peasant |
| 2:02 | Summon Water Elemental |
| 2:10 | Footman |
| 2:14 | Peasant |
| 2:14 | Peasant |
| 2:14 | Peasant |
| 2:39 | Footman |
| 2:40 | Peasant |
| 2:42 | Arcane Tower |
| 2:59 | Footman |
| 3:04 | Farm |
| 3:17 | Arcane Vault |
| 3:50 | Brilliance Aura |
| 4:01 | Footman |
| 4:01 | Footman |
| 4:01 | Footman |
| 4:17 | Footman |
| 4:23 | Scroll of Regeneration |
| 4:24 | Lesser Clarity Potion |
| 4:40 | Lumber Mill |
| 4:57 | Footman |
| 5:00 | Farm |
| 5:25 | Footman |
| 5:25 | Defend |
| 5:42 | Keep |
| 6:24 | Summon Water Elemental |
| 6:39 | Town Hall |
| 6:49 | Footman |
| 6:53 | Scroll of Regeneration |
| 7:37 | Scroll of Healing |
| 7:37 | Scroll of Healing |
| 7:37 | Potion of Lesser Invulnerability |
| 7:41 | Peasant |
| 9:06 | Storm Bolt |
| 9:08 | Castle |
| 9:15 | Blacksmith |
| 9:19 | Gryphon Aviary |
| 9:21 | Brilliance Aura |
| 10:03 | Arcane Vault |
| 10:08 | Scout Tower |
| 10:10 | Scout Tower |
| 10:30 | Rifleman |
| 10:30 | Rifleman |
| 10:30 | Rifleman |
| 10:30 | Long Rifles |
| 11:10 | Iron Forged Swords |
| 11:13 | Studded Leather Armor |
| 11:17 | Peasant |
| 12:04 | Bash |
| 12:36 | Rifleman |
| 12:36 | Rifleman |
| 12:38 | Storm Hammers |
| 12:43 | Barracks |
| 12:47 | Arcane Sanctum |
| 12:56 | Rifleman |
| 12:57 | Rifleman |
| 12:58 | Rifleman |
| 13:12 | Storm Bolt |
| 13:22 | Farm |
| 13:23 | Farm |
| 13:24 | Farm |
| 13:25 | Farm |
| 13:27 | Farm |
| 13:40 | Summon Water Elemental |
| 14:34 | Peasant |
| 14:35 | Peasant |
| 14:35 | Peasant |
| 14:35 | Peasant |
| 14:35 | Peasant |
| 14:35 | Peasant |
| 14:35 | Peasant |
| 15:00 | Town Hall |
| 15:03 | Scout Tower |
| 15:05 | Scout Tower |
| 15:06 | Scout Tower |
| 15:07 | Scout Tower |
| 15:10 | Scout Tower |
| 15:11 | Guard Tower |
| 15:22 | Peasant |
| 15:22 | Peasant |
| 15:36 | Guard Tower |
| 15:37 | Guard Tower |
| 15:42 | Scout Tower |
| 15:44 | Scout Tower |
| 15:48 | Scout Tower |
| 15:49 | Scout Tower |
| 15:50 | Scout Tower |
| 15:53 | Scout Tower |
| 16:19 | Guard Tower |
| Right click | 1000 |
| Select | 476 |
| Build/train/purchase | 171 |
| Chat | 104 |
| Misc. action | 26 |
| Remove unit | 14 |
| Select group | 10 |
| Use ability | 9 |
| Resource trade | 5 |
| Assign group | 3 |
| Item give/drop | 3 |
129 units @ 15k
/ 1.7k
103 buildings @ 12.2k
/ 4.7k


| Scroll of Regeneration | 4 | 400 |
| Potion of Healing | 1 | 150 |
| Scroll of Town Portal | 1 | 350 |
| total: | 6 | 900g |
| Peasant | 24 | 1800 | / | 0 |
| Footman | 8 | 1080 | / | 0 |
| Rifleman | 3 | 615 | / | 90 |
| Mortar Team | 5 | 900 | / | 350 |
| Flying Machine | 2 | 200 | / | 60 |
| Priest | 1 | 135 | / | 10 |
| Spell Breaker | 3 | 645 | / | 90 |
| total: | 46 | 5375g | / | 600w |
| Scout Tower | 5 | 150 | / | 100 |
| Arcane Tower | 2 | 140 | / | 100 |
| Guard Tower | 3 | 210 | / | 150 |
| Altar of Kings | 1 | 180 | / | 50 |
| Barracks | 1 | 160 | / | 60 |
| Farm | 8 | 640 | / | 160 |
| Blacksmith | 1 | 140 | / | 60 |
| Lumber Mill | 1 | 120 | / | 0 |
| Arcane Vault | 1 | 130 | / | 30 |
| Town Hall | 2 | 770 | / | 410 |
| Workshop | 1 | 140 | / | 140 |
| Arcane Sanctum | 1 | 150 | / | 140 |
| Keep | 1 | 320 | / | 210 |
| Castle | 1 | 360 | / | 210 |
| total: | 22 | 2580g | / | 1150w |
| 0:04 | Peasant |
| 0:04 | Peasant |
| 0:12 | Altar of Kings |
| 0:20 | Barracks |
| 0:30 | Peasant |
| 0:36 | Farm |
| 0:50 | Farm |
| 0:53 | Farm |
| 0:56 | Peasant |
| 1:08 | Peasant |
| 1:22 | Footman |
| 1:23 | Footman |
| 1:36 | Scout Tower |
| 1:40 | Peasant |
| 1:53 | Footman |
| 2:02 | Arcane Tower |
| 2:11 | Farm |
| 2:21 | Storm Bolt |
| 2:24 | Footman |
| 2:41 | Footman |
| 3:08 | Peasant |
| 3:13 | Footman |
| 3:25 | Footman |
| 4:00 | Bash |
| 4:18 | Footman |
| 4:19 | Keep |
| 4:33 | Farm |
| 4:36 | Blacksmith |
| 4:41 | Lumber Mill |
| 5:52 | Arcane Vault |
| 6:07 | Town Hall |
| 6:14 | Rifleman |
| 6:21 | Farm |
| 6:29 | Scroll of Regeneration |
| 6:31 | Scroll of Regeneration |
| 6:53 | Scout Tower |
| 6:57 | Scout Tower |
| 7:01 | Peasant |
| 7:01 | Peasant |
| 7:01 | Peasant |
| 7:02 | Peasant |
| 7:24 | Guard Tower |
| 7:54 | Guard Tower |
| 7:55 | Defend |
| 8:06 | Scout Tower |
| 8:10 | Scout Tower |
| 9:12 | Arcane Tower |
| 9:14 | Guard Tower |
| 9:27 | Workshop |
| 9:30 | Arcane Sanctum |
| 9:39 | Peasant |
| 9:39 | Peasant |
| 9:40 | Improved Masonry |
| 10:04 | Peasant |
| 10:04 | Peasant |
| 10:15 | Rifleman |
| 10:15 | Rifleman |
| 10:32 | Mortar Team |
| 11:34 | Scroll of Regeneration |
| 11:51 | Flying Machine |
| 11:51 | Flying Machine |
| 12:52 | Potion of Healing |
| 13:19 | Storm Bolt |
| 13:25 | Mortar Team |
| 13:26 | Priest |
| 13:27 | Spell Breaker |
| 13:28 | Spell Breaker |
| 14:32 | Summon Water Elemental |
| 15:28 | Bash |
| 15:34 | Mortar Team |
| 15:36 | Spell Breaker |
| 15:44 | Peasant |
| 15:46 | Peasant |
| 16:09 | Mortar Team |
| 16:22 | Town Hall |
| 17:06 | Peasant |
| 17:09 | Farm |
| 17:38 | Scroll of Regeneration |
| 17:44 | Scroll of Town Portal |
| 18:13 | Farm |
| 18:17 | Peasant |
| 18:17 | Peasant |
| 18:17 | Peasant |
| 18:23 | Mortar Team |
| 19:04 | Peasant |
| 19:04 | Peasant |
| 19:05 | Peasant |
| 19:10 | Castle |
| Right click | 486 |
| Select group | 430 |
| Chat | 268 |
| Select | 171 |
| Build/train/purchase | 89 |
| Assign group | 78 |
| Minimap ping | 28 |
| Use ability | 21 |
| Resource trade | 6 |
| Remove unit | 1 |
| Esc | 1 |



| Orb of Corruption | 1 | 375 |
| Lesser Clarity Potion | 3 | 210 |
| Scroll of Town Portal | 5 | 1750 |
| Boots of Speed | 2 | 500 |
| Scroll of Regeneration | 2 | 200 |
| total: | 13 | 3035g |
| Acolyte | 8 | 600 | / | 0 |
| Ghoul | 6 | 720 | / | 0 |
| Gargoyle | 11 | 1925 | / | 330 |
| total: | 25 | 3245g | / | 330w |
| Nerubian Tower | 2 | 200 | / | 40 |
| Spirit Tower | 3 | 435 | / | 120 |
| Crypt | 3 | 600 | / | 150 |
| Necropolis | 1 | 225 | / | 0 |
| Ziggurat | 15 | 2250 | / | 750 |
| Altar of Darkness | 1 | 180 | / | 50 |
| Graveyard | 1 | 215 | / | 0 |
| Tomb of Relics | 1 | 130 | / | 30 |
| Sacrificial Pit | 1 | 75 | / | 150 |
| Halls of the Dead | 1 | 320 | / | 210 |
| Black Citadel | 1 | 325 | / | 230 |
| total: | 23 | 3675g | / | 1130w |
| 0:03 | Acolyte |
| 0:05 | Crypt |
| 0:07 | Crypt |
| 0:13 | Acolyte |
| 0:30 | Necropolis |
| 0:43 | Ziggurat |
| 1:09 | Ghoul |
| 1:17 | Altar of Darkness |
| 1:34 | Ghoul |
| 1:51 | Ghoul |
| 2:17 | Halls of the Dead |
| 2:25 | Ghoul |
| 2:38 | Cannibalize |
| 2:40 | Acolyte |
| 2:44 | Ghoul |
| 3:06 | Ghoul |
| 3:15 | Death Coil |
| 3:21 | Acolyte |
| 3:31 | Ziggurat |
| 4:14 | Graveyard |
| 4:16 | Acolyte |
| 4:23 | Crypt |
| 4:57 | Black Citadel |
| 5:07 | Acolyte |
| 5:13 | Acolyte |
| 5:29 | Unholy Aura |
| 5:43 | Acolyte |
| 5:57 | Gargoyle |
| 6:06 | Ziggurat |
| 6:07 | Ziggurat |
| 6:15 | Nerubian Tower |
| 6:43 | Tomb of Relics |
| 6:55 | Gargoyle |
| 6:59 | Creature Attack |
| 7:03 | Sacrificial Pit |
| 7:23 | Gargoyle |
| 8:00 | Orb of Corruption |
| 8:15 | Frost Nova |
| 9:16 | Spirit Tower |
| 9:19 | Carrion Swarm |
| 9:24 | Nerubian Tower |
| 9:25 | Ziggurat |
| 9:26 | Ziggurat |
| 9:28 | Ziggurat |
| 9:31 | Ziggurat |
| 9:32 | Ziggurat |
| 9:33 | Ziggurat |
| 9:39 | Improved Creature Attack |
| 9:39 | Creature Carapace |
| 9:50 | Stone Form |
| 10:45 | Death Coil |
| 10:46 | Dark Ritual |
| 10:48 | Vampiric Aura |
| 10:55 | Gargoyle |
| 10:57 | Spirit Tower |
| 10:59 | Spirit Tower |
| 11:33 | Scroll of Town Portal |
| 11:34 | Scroll of Regeneration |
| 11:34 | Lesser Clarity Potion |
| 11:45 | Ziggurat |
| 11:46 | Ziggurat |
| 11:47 | Ziggurat |
| 11:47 | Ziggurat |
| 11:47 | Ziggurat |
| 12:28 | Frost Nova |
| 12:44 | Carrion Swarm |
| 13:08 | Gargoyle |
| 13:08 | Gargoyle |
| 13:08 | Gargoyle |
| 13:10 | Scroll of Town Portal |
| 13:10 | Scroll of Town Portal |
| 13:41 | Unholy Aura |
| 14:17 | Dark Ritual |
| 14:34 | Lesser Clarity Potion |
| 14:34 | Scroll of Town Portal |
| 14:34 | Scroll of Town Portal |
| 14:37 | Scroll of Regeneration |
| 14:40 | Lesser Clarity Potion |
| 14:45 | Death Coil |
| 14:53 | Vampiric Aura |
| 15:03 | Boots of Speed |
| 15:04 | Boots of Speed |
| 15:49 | Gargoyle |
| 16:02 | Improved Creature Carapace |
| 16:51 | Gargoyle |
| 17:03 | Gargoyle |
| 17:09 | Advanced Creature Attack |
| 17:47 | Frost Nova |
| 17:48 | Carrion Swarm |
| 18:11 | Advanced Creature Carapace |
| 18:12 | Gargoyle |
| 18:56 | Unholy Aura |
| Right click | 883 |
| Select group | 443 |
| Chat | 369 |
| Select | 156 |
| Build/train/purchase | 88 |
| Use ability | 61 |
| Assign group | 45 |
| Misc. action | 12 |
| Minimap ping | 4 |
| Item give/drop | 2 |
| Remove unit | 1 |
| Esc | 1 |

| Peasant | 15 | 1125 | / | 0 |
| Footman | 2 | 270 | / | 0 |
| Flying Machine | 16 | 1600 | / | 480 |
| Siege Engine | 3 | 585 | / | 180 |
| total: | 36 | 3580g | / | 660w |
| Scout Tower | 1 | 30 | / | 20 |
| Arcane Tower | 2 | 140 | / | 100 |
| Altar of Kings | 1 | 180 | / | 50 |
| Farm | 12 | 960 | / | 240 |
| Barracks | 1 | 160 | / | 60 |
| Lumber Mill | 2 | 240 | / | 0 |
| Blacksmith | 3 | 420 | / | 180 |
| Arcane Vault | 1 | 130 | / | 30 |
| Town Hall | 1 | 385 | / | 205 |
| Workshop | 4 | 560 | / | 560 |
| Keep | 1 | 320 | / | 210 |
| Castle | 1 | 360 | / | 210 |
| total: | 26 | 3065g | / | 1345w |
| 0:03 | Altar of Kings |
| 0:05 | Farm |
| 0:07 | Peasant |
| 0:07 | Peasant |
| 0:25 | Barracks |
| 0:28 | Peasant |
| 0:46 | Farm |
| 0:55 | Peasant |
| 1:17 | Peasant |
| 1:35 | Footman |
| 1:39 | Scout Tower |
| 1:41 | Peasant |
| 1:41 | Peasant |
| 1:48 | Footman |
| 2:12 | Summon Water Elemental |
| 2:16 | Arcane Tower |
| 2:18 | Peasant |
| 2:18 | Peasant |
| 3:00 | Keep |
| 3:04 | Lumber Mill |
| 3:27 | Farm |
| 3:50 | Farm |
| 3:53 | Blacksmith |
| 4:28 | Farm |
| 4:59 | Blacksmith |
| 5:27 | Workshop |
| 5:32 | Farm |
| 5:34 | Castle |
| 5:43 | Brilliance Aura |
| 5:52 | Improved Lumber Harvesting |
| 5:54 | Black Gunpowder |
| 5:55 | Iron Plating |
| 6:01 | Farm |
| 6:33 | Workshop |
| 6:39 | Farm |
| 7:07 | Workshop |
| 7:49 | Arcane Vault |
| 7:55 | Advanced Lumber Harvesting |
| 7:58 | Flying Machine |
| 9:20 | Farm |
| 9:23 | Siege Engine |
| 9:28 | Steel Plating |
| 9:28 | Refined Gunpowder |
| 9:31 | Blacksmith |
| 9:41 | Flying Machine Bombs |
| 10:13 | Farm |
| 10:20 | Flying Machine |
| 10:21 | Flying Machine |
| 10:21 | Flying Machine |
| 10:22 | Flying Machine |
| 10:22 | Flying Machine |
| 11:14 | Flak Cannons |
| 11:20 | Farm |
| 12:00 | Flying Machine |
| 12:01 | Flying Machine |
| 12:01 | Flying Machine |
| 12:01 | Flying Machine |
| 12:21 | Summon Water Elemental |
| 12:41 | Flying Machine |
| 12:42 | Flying Machine |
| 14:05 | Imbued Gunpowder |
| 14:07 | Lumber Mill |
| 14:11 | Farm |
| 15:15 | Town Hall |
| 15:20 | Peasant |
| 15:20 | Peasant |
| 15:20 | Peasant |
| 15:21 | Peasant |
| 15:21 | Peasant |
| 15:21 | Peasant |
| 15:34 | Flying Machine |
| 15:35 | Flying Machine |
| 15:35 | Flying Machine |
| 15:38 | Flying Machine |
| 17:58 | Siege Engine |
| 18:05 | Siege Engine |
| 18:07 | Mithril Plating |
| 18:31 | Workshop |
| Right click | 504 |
| Select | 208 |
| Chat | 165 |
| Select group | 122 |
| Build/train/purchase | 73 |
| Assign group | 14 |
| Minimap ping | 12 |
| Misc. action | 10 |
| Esc | 3 |
| Use ability | 1 |


| Periapt of Vitality | 1 | 325 |
| total: | 1 | 325g |
| Peasant | 7 | 525 | / | 0 |
| Footman | 10 | 1350 | / | 0 |
| Priest | 2 | 270 | / | 20 |
| Rifleman | 3 | 615 | / | 90 |
| total: | 22 | 2760g | / | 110w |
| Scout Tower | 12 | 360 | / | 240 |
| Guard Tower | 7 | 490 | / | 350 |
| Farm | 10 | 800 | / | 200 |
| Barracks | 2 | 320 | / | 120 |
| Altar of Kings | 1 | 180 | / | 50 |
| Lumber Mill | 2 | 240 | / | 0 |
| Blacksmith | 2 | 280 | / | 120 |
| Town Hall | 1 | 385 | / | 205 |
| Arcane Vault | 1 | 130 | / | 30 |
| Arcane Sanctum | 1 | 150 | / | 140 |
| Keep | 2 | 640 | / | 420 |
| total: | 32 | 2845g | / | 1105w |
| 0:05 | Farm |
| 0:05 | Peasant |
| 0:21 | Peasant |
| 0:24 | Barracks |
| 0:39 | Peasant |
| 0:46 | Altar of Kings |
| 0:57 | Peasant |
| 0:57 | Peasant |
| 1:17 | Lumber Mill |
| 1:24 | Peasant |
| 1:46 | Farm |
| 2:03 | Footman |
| 2:07 | Scout Tower |
| 2:31 | Footman |
| 2:34 | Farm |
| 2:46 | Scout Tower |
| 2:53 | Peasant |
| 3:00 | Holy Light |
| 3:02 | Footman |
| 3:02 | Footman |
| 3:11 | Farm |
| 3:18 | Scout Tower |
| 3:21 | Guard Tower |
| 3:23 | Guard Tower |
| 3:32 | Footman |
| 3:34 | Improved Masonry |
| 3:51 | Guard Tower |
| 3:54 | Scout Tower |
| 4:16 | Farm |
| 4:17 | Farm |
| 4:39 | Keep |
| 4:41 | Footman |
| 4:41 | Footman |
| 4:59 | Farm |
| 5:01 | Guard Tower |
| 5:37 | Farm |
| 5:44 | Footman |
| 6:06 | Scout Tower |
| 6:46 | Periapt of Vitality |
| 7:14 | Divine Shield |
| 7:18 | Guard Tower |
| 7:20 | Improved Lumber Harvesting |
| 7:24 | Arcane Sanctum |
| 7:36 | Blacksmith |
| 7:39 | Blacksmith |
| 7:49 | Footman |
| 7:52 | Advanced Masonry |
| 8:07 | Footman |
| 8:35 | Long Rifles |
| 8:57 | Barracks |
| 8:59 | Priest |
| 8:59 | Priest |
| 9:04 | Storm Bolt |
| 9:12 | Rifleman |
| 9:34 | Rifleman |
| 9:42 | Priest Adept Training |
| 9:54 | Black Gunpowder |
| 10:13 | Rifleman |
| 10:22 | Farm |
| 10:54 | Studded Leather Armor |
| 11:08 | Farm |
| 13:46 | Town Hall |
| 14:14 | Lumber Mill |
| 17:47 | Scout Tower |
| 17:48 | Scout Tower |
| 17:49 | Scout Tower |
| 17:50 | Scout Tower |
| 18:00 | Keep |
| 18:06 | Scout Tower |
| 18:07 | Scout Tower |
| 18:11 | Scout Tower |
| 18:46 | Guard Tower |
| 19:12 | Guard Tower |
| 19:16 | Iron Forged Swords |
| 19:17 | Iron Plating |
| 19:30 | Arcane Vault |
| Select | 347 |
| Right click | 266 |
| Build/train/purchase | 46 |
| Use ability | 11 |
| Assign group | 1 |
⇛